[Event "12th National Amateur Chess-ch 2025"]
[Site "Bihar"]
[Date "2025.03.27"]
[Round "5.1"]
[White "Ayaan Garg"]
[Black "Vidit Sethi"]
[Result "1/2-1/2"]
[Annotator "TA"]
[ECO "D52"]
[WhiteElo "1983"]
[BlackElo "1832"]
[PlyCount "61"]
[EventDate "2025.03.25"]
[EventCountry "IND"]
[SourceTitle "playchess.com"]
[Source "ChessBase"]
[SourceQuality "1"]
[TimeControl "5400+30"]

1. d4 d5 2. c4 c6 3. Nf3 Nf6 4. Nc3 e6 5. Bg5 Nbd7 6. e3 Qa5 7. Nd2 Bb4 8. Qc2 dxc4 9. Bxf6 Nxf6 10. Nxc4 Qc7 11. Bd3 O-O 12. O-O {[%emt 0:00:39][%cal Bh1f1,Bf1f3,Bf3g3][%mdl 32] D52: Queen's Gambit Declined: Cambridge Springs Variation.} Bd6 13. f4 $146 (13. Nxd6 Qxd6 14. f4 h6 15. Ne4 Nxe4 16. Bxe4 Bd7 17. Rfd1 Rac8 18. Qc5 Qb8 19. Rac1 b6 {1-0 Wu,D (1630)-Kow,W (1397) Penang op 10th 2018 (3)}) 13... h6 14. Rac1 {[%emt 0:01:30] White is slightly better.} a6 (14... Bd7 $14) 15. Ne4 {[%emt 0:05:14] White is much more active. The black rooks are passive.} Nxe4 16. Bxe4 Bd7 17. Rf3 f5 18. Bd3 Rab8 19. Qb3 b6 20. Rg3 Rf7 21. Qc3 a5 22. b3 Bb4 (22... Rc8 $11) 23. Qb2 Bd6 24. Qd2 Kh8 25. Be2 Re7 26. Qc2 Rc8 27. Kh1 (27. Rg6 $14) 27... Be8 (27... c5 $15 28. Ne5 Bxe5 29. fxe5 Bc6) 28. Bd3 Bd7 29. a3 (29. Be2 $11) 29... c5 $15 30. Ne5 (30. Rg6 $11) 30... Be8 {[%emt 0:01:36] Strongly threatening ...cxd4.} 31. Nc4 {[%emt 0:01:03] Weighted Error Value: White=0.29 (precise) /Black=0.17 (very precise)   Mistake:       	White=3     	Black=3      Inaccurate:     	White=8     	Black=2      OK:         	White=3     	Black=4      Best:        	---       	Black=2} 1/2-1/2

[Event "12th National Amateur Chess-ch 2025"]
[Site "Bihar"]
[Date "2025.03.27"]
[Round "5.2"]
[White "Arhan Jain"]
[Black "Utkrisht Tuli"]
[Result "1/2-1/2"]
[Annotator "TA"]
[ECO "E06"]
[WhiteElo "1914"]
[BlackElo "2020"]
[PlyCount "79"]
[EventDate "2025.03.25"]
[EventCountry "IND"]
[SourceTitle "playchess.com"]
[Source "ChessBase"]
[SourceQuality "1"]
[TimeControl "5400+30"]

1. d4 d5 2. c4 e6 3. Nf3 Nf6 4. g3 Bb4+ 5. Bd2 Be7 6. Bg2 O-O 7. O-O c6 8. Qc2 b6 9. Bf4 Bb7 10. Rd1 {[%emt 0:02:20] E06: Closed Catalan: Early deviations.} h6 11. Ne5 $146 ({Predecessor:} 11. Nc3 Nbd7 12. Ne5 Nh5 13. Be3 Nhf6 14. Bf4 Nh5 15. Be3 Bd6 16. Bf3 Nhf6 17. Bf4 Qb8 18. Nxd7 Nxd7 19. Bxd6 Qxd6 {0-1 Ghosh,D (2556)-Lenic,L (2662) PRO League Stage rapid 2018 (4)}) 11... Nfd7 12. e4 Nxe5 13. Bxe5 Nd7 14. exd5 cxd5 15. cxd5 exd5 16. Nc3 Nf6 17. Qb3 Rc8 18. Rac1 Qd7 19. Bxf6 (19. Re1 {feels hotter.} Rfe8 20. h4 Ne4 21. Nxe4 dxe4 22. Rxc8 Rxc8 23. Bxe4 Bxe4 24. Rxe4 Qf5 25. Rf4) 19... Bxf6 20. Nxd5 (20. Bxd5 Rxc3 21. bxc3 Bxd5 $19 (21... Qxd5 $2 22. Qxd5 Bxd5 23. c4 $19)) 20... Bxd5 21. Qxd5 Rxc1 22. Rxc1 Qxd5 23. Bxd5 Bxd4 $11 {[%emt 0:00:14][%mdl 4096] Endgame KRB-KRB} 24. Rc7 Bxb2 25. Rxa7 g6 26. Kg2 Bd4 27. Rb7 Kg7 28. h4 h5 29. Bb3 Kf6 30. Rd7 Bc5 31. Kf3 Be7 32. Rb7 Bc5 33. Kg2 Kg7 (33... Bd4 $1 $11) 34. f3 $14 Kf6 35. g4 hxg4 (35... g5 $14) 36. fxg4 $16 Bd4 37. Kf3 Bc5 38. g5+ Kg7 39. Rd7 {[%emt 0:00:30] White is more active.} Bg1 40. Ke4 {[%emt 0:01:53] Weighted Error Value: White=0.10 (very precise) /Black=0.13 (very precise)   Mistake:       	White=1     	Black=2      Inaccurate:     	White=4     	Black=4      OK:         	White=11    	Black=7      Best:        	---       	Black=2} (40. Kg3 $14) 1/2-1/2

[Event "12th National Amateur Chess-ch 2025"]
[Site "Bihar"]
[Date "2025.03.27"]
[Round "5.3"]
[White "Anadkat Kartavya"]
[Black "Pratiyush Kumar"]
[Result "1-0"]
[Annotator "TA"]
[ECO "B33"]
[WhiteElo "2175"]
[BlackElo "1817"]
[PlyCount "81"]
[EventDate "2025.03.25"]
[EventCountry "IND"]
[SourceTitle "playchess.com"]
[Source "ChessBase"]
[SourceQuality "1"]
[TimeControl "5400+30"]

1. e4 c5 2. Nf3 Nc6 3. d4 cxd4 4. Nxd4 Nf6 5. Nc3 e5 6. Ndb5 d6 7. Bg5 a6 8. Na3 b5 9. Bxf6 gxf6 10. Nd5 Bg7 11. Bd3 Ne7 12. Nxe7 Qxe7 13. O-O O-O 14. c4 f5 15. Qh5 (15. exf5 e4 16. f6 Bxf6 $11 (16... Qxf6 17. Bxe4 Rb8 18. cxb5 $14)) (15. cxb5 d5 $11) 15... f4 {[%emt 0:32:09] B33: Sicilian: Pelikan and Sveshnikov Variations.} 16. cxb5 {[%emt 0:01:20][%csl Oa6,Od6,Oh7] Black has weak pawns} Kh8 17. Nc4 (17. Rfd1 $16) 17... axb5 $14 {[%emt 0:02:57] White is slightly better.} 18. Nb6 Rb8 19. Nxc8 $146 (19. Nd5 Qd8 20. Rfc1 Rb7 21. Rc6 Be6 22. Rac1 Rg8 23. Qe2 Qg5 24. f3 Bf8 25. Kh1 {½-½ Dekic,J (2265)-Nikcevic,N (2270) YUG-ch sf Kladovo 1989}) 19... Rfxc8 {[%emt 0:03:26] Black is weak on the light squares} 20. Rfc1 Qd7 21. g3 fxg3 22. hxg3 Kg8 23. Rc2 {[%emt 0:09:03] White is more active.} Rxc2 24. Bxc2 Qe6 25. Bb3 Qg6 26. Qf3 (26. Qxg6 {simplifies} hxg6 27. Rc1 Rb7 28. Rc6) 26... Bf6 27. Kg2 Bd8 (27... Kg7 $142 28. Rh1 b4) 28. Rh1 $16 Kg7 {[%emt 0:02:23][%mdl 8192] [#] Inhibits Rh6.} (28... Bf6 $16 29. Bd5 Kg7) 29. Bxf7 $1 $18 Qf6 30. Qxf6+ (30. Qg4+ $18 {is the precise move to win.} Qg5 (30... Kxf7 $2 {too greedy.} 31. Rxh7+ Kf8 32. Qh5 $18) 31. Qe6) 30... Bxf6 {[%emt 0:00:14][%mdl 4096] Endgame KRB-KRB. White is a pawn up.} 31. Be6 Bg5 32. Rd1 Rb6 33. Bd5 Kf6 (33... Ra6 $16 34. Kf3 h5) 34. Rd3 Kg7 35. Rc3 h6 36. Rc7+ Kg6 37. Kf3 (37. Bf7+ $18 Kf6 38. Bb3) 37... b4 {[%emt 0:01:33] [#]} (37... h5 $16 38. Rc8 b4 39. Rg8+ Kf6) 38. Bf7+ $1 Kf6 39. Kg4 {[%emt 0:00:03] And now f4 would win.} Bc1 (39... Bd2 40. Ra7 Rb8) 40. Bd5 {[%emt 0:00:44] White threatens Kh5 and mate.} Bxb2 41. Kh5 {[%emt 0:00:01] Weighted Error Value: White=0.25 (precise) /Black=0.90  Loses game:     	---       	Black=1      Missed win:     	White=1     	---        Mistake:       	White=2     	Black=4      Inaccurate:     	---       	Black=3      OK:         	White=11    	Black=8      Best:        	White=1     	Black=1      Strong:       	White=1     	---        Brilliant:      	White=1     	---} 1-0

[Event "12th National Amateur Chess-ch 2025"]
[Site "Bihar"]
[Date "2025.03.27"]
[Round "5.4"]
[White "Amartya Saumitra Gupta"]
[Black "Sham R"]
[Result "0-1"]
[Annotator "TA"]
[ECO "C55"]
[WhiteElo "1884"]
[BlackElo "2128"]
[PlyCount "78"]
[EventDate "2025.03.25"]
[EventCountry "IND"]
[SourceTitle "playchess.com"]
[Source "ChessBase"]
[SourceQuality "1"]
[TimeControl "5400+30"]

1. e4 e5 2. Nf3 Nc6 3. Bc4 Nf6 4. d3 Be7 5. O-O O-O 6. Re1 d6 7. a4 Na5 8. Ba2 {[%emt 0:00:08] C55: Two Knights: 4 d3, 4 d4 exd4 5 e5 and Max Lange Attack.} c5 9. c3 Nc6 10. Nbd2 {[%emt 0:00:07] White is slightly better.} h6 11. h3 Re8 12. Nf1 Bf8 13. N3h2 d5 $146 (13... Be6 14. f4 Bxa2 15. Rxa2 d5 16. fxe5 Nxe5 17. d4 cxd4 18. cxd4 Nc6 19. e5 Ne4 {0-1 Reefat,B (2473)-Ganguly,S (2583) United Insurance 8th 2005 (6)}) 14. Qf3 (14. exd5 Nxd5 15. Qf3 Be6 16. Ng4) 14... dxe4 15. dxe4 Be6 16. Ng3 g6 17. Ng4 Nxg4 18. hxg4 Qc8 19. Bxe6 Qxe6 20. Be3 (20. Nf1 $14) 20... Rad8 $11 21. Ne2 Qb3 (21... Na5 {is more complex.} 22. Ng3 Kg7 23. Rad1 Nc4) 22. g3 (22. Qh3 $15) 22... Rd7 (22... Qxb2 23. Reb1 Qc2 24. Rxb7 $17) (22... Na5 $19 {has better winning chances.} 23. c4 Nxc4 (23... Qxc4 24. Nc3 $17)) 23. Kg2 $17 Re6 {[%emt 0:07:16][%cal Ob7b6] Black is more active.} 24. Rh1 {[%emt 0:07:59] [#] Black continues to play with concentration.} g5 $1 25. Rh5 (25. c4 $17 {was called for.}) 25... Bg7 26. Bxg5 $2 (26. Rhh1) 26... hxg5 27. Rxg5 Ne7 (27... Qxb2 28. Rh1 $19) 28. Rh1 Qc4 {[%emt 0:07:26][%cal Oe6b6] and ...Rb6! should not be overlooked} (28... Qxa4 29. Ng1 $19) 29. Nc1 Ng6 (29... Qxa4 30. Nd3 b6 31. b4 cxb4 32. Rh8+ Kxh8 33. Qxf7 $17) 30. b3 Qa6 31. Qe3 Qd6 32. Rgh5 b6 33. Qf3 Rf6 34. Rf5 Ne7 35. g5 Rg6 (35... Rxf5 $2 36. exf5 f6 37. gxf6 Qxf6 (37... Bxf6 $2 38. Rh5 $19) 38. g4 $19) 36. Rxf7 Rxg5 ({Much less strong is} 36... Qe6 37. Rf5 $19) 37. Rh5 Qg6 {[%emt 0:00:24][%csl LRf7,LRh5] Black is clearly winning.} 38. Rxg5 Qxg5 ({Weaker is} 38... Qxf7 39. Qe2 $17) 39. Ne2 {[%emt 0:02:02] [#]} Ng6 $1 {[%emt 0:00:43] Weighted Error Value: White=0.60/Black=0.19 (very precise)   Mistake:       	White=4     	Black=1      Inaccurate:     	White=6     	Black=3      OK:         	White=6     	Black=13     Best:        	White=1     	Black=2      Strong:       	---       	Black=1} 0-1

[Event "12th National Amateur Chess-ch 2025"]
[Site "Bihar"]
[Date "2025.03.27"]
[Round "5.5"]
[White "Gurung Rohit"]
[Black "Ayushman Mohanty"]
[Result "1-0"]
[Annotator "TA"]
[ECO "C47"]
[WhiteElo "1902"]
[BlackElo "1827"]
[PlyCount "129"]
[EventDate "2025.03.25"]
[EventCountry "IND"]
[SourceTitle "playchess.com"]
[Source "ChessBase"]
[SourceQuality "1"]
[TimeControl "5400+30"]

1. e4 e5 2. Nf3 Nc6 3. Nc3 Nf6 4. d4 exd4 5. Nxd4 Bb4 6. Nxc6 bxc6 7. Bd3 d5 8. exd5 cxd5 9. O-O O-O 10. Bg5 c6 11. Na4 Bd6 12. c4 Bg4 {[%emt 0:01:04] C47: Scotch Four Knights and Four Knights with 4 g3.} 13. Qc2 {[%emt 0:13:55][%cal Od3h7] A sharp opening} h6 14. Bh4 Rb8 $146 {[%emt 0:03:57] The position is equal.} (14... Be6 15. Kh1 Rb8 16. a3 a5 17. Rad1 Re8 18. Rfe1 g5 19. Bg3 Kg7 20. cxd5 cxd5 {½-½ Paehtz,E (2438)-Zhao,X (2467) WchT (Women) 1st 2007 (9)}) 15. Rab1 (15. Bh7+ $11 {is more appropriate.} Kh8 16. Bd3) 15... Re8 $15 16. c5 (16. b3 $11) 16... Be7 17. Bg3 Ra8 18. b4 Nh5 19. b5 Nxg3 20. hxg3 Bd7 21. b6 axb6 (21... Be6 $11) 22. cxb6 $14 {[%emt 0:02:07][%csl Ob6] White has a strong passed pawn. White plays on the queen side and is better} Bd6 {[%emt 0:03:16] [#]} (22... c5 $14 23. Nxc5 Rc8) 23. Nc5 $1 $16 Bxc5 24. Qxc5 Ra7 (24... Qe7 $16 25. Qxe7 Rxe7) 25. a3 (25. bxa7 $142 {White wants to mate with Rfe1.} Qc7 26. Rfe1) 25... Rxa3 (25... Ra8 $142 26. b7 Rb8) 26. Rfe1 $2 (26. Qxa3 $18 Qb8 27. Rfe1) 26... Ra8 $2 (26... Rxd3 27. Rxe8+ Qxe8 28. b7 $18) (26... Rxe1+ $1 $15 {keeps the upper hand.} 27. Rxe1 Rxd3) 27. Rxe8+ $18 Bxe8 {[%emt 0:05:12] [#]} 28. Re1 $1 f6 $2 (28... Qc8 {was necessary.} 29. Qe7 Bd7) 29. Re7 Rb8 30. Rc7 Ra8 (30... Bd7 $142 31. Qd6 Bg4 32. Qxd8+ (32. Rxc6 Qxd6 33. Rxd6 Kf7 $11) (32. Qxc6 Kh8 $18) 32... Rxd8) 31. Kh2 {[%emt 0:01:46] Bf5 is the strong threat.} Rb8 32. Bf5 Bf7 {[%emt 0:04:25] Repels Be6} 33. Qxc6 d4 34. Rc8 (34. b7 $142 Bd5 35. Be6+ (35. Qb6 Bxb7 36. Qe6+ Kh8 $18) 35... Bxe6 36. Qxe6+ Kh7 37. Rc8 d3 38. Rxd8 Rxd8 39. Qc8 Rxc8 40. bxc8=Q) 34... Rxc8 35. Qxc8 Qxc8 36. Bxc8 {[%emt 0:00:07][%mdl 4096] Endgame KB-KB} Bd5 {[%emt 0:00:24] [#]} 37. Be6+ $1 Bxe6 {[%emt 0:00:06] KB-KP} 38. b7 Bf5 39. b8=Q+ ({Not} 39. b8=B Kf7 $15) 39... Kh7 40. Qf4 Bg6 41. Qxd4 Bf7 42. g4 Kg8 43. f4 Be8 44. Qd8 {[%emt 0:00:23] White mates.} Kf7 45. f5 Ba4 46. Qd5+ Kf8 47. Qc5+ Ke8 48. Qe3+ Kd8 49. Qe6 Be8 50. Qd6+ Kc8 51. Qf8 Kd8 52. Qxg7 Bd7 53. Qxf6+ Ke8 54. Qxh6 Ke7 55. Qg7+ Kd8 56. f6 Be8 57. Qe7+ Kc8 58. Qxe8+ Kc7 59. f7 Kd6 60. f8=Q+ Kd5 61. Qff7+ Kd4 62. Qfd7+ Kc5 63. Qec8+ Kb4 64. Qdb7+ Ka5 65. Qca8# {[%emt 0:00:04] Weighted Error Value: White=0.63/Black=1.63  Loses game:     	---       	Black=2      Mistake:       	White=3     	Black=5      Inaccurate:     	White=1     	Black=3      OK:         	White=8     	Black=5      Best:        	---       	Black=1      Strong:       	White=1     	---} 1-0

[Event "12th National Amateur Chess-ch 2025"]
[Site "Bihar"]
[Date "2025.03.27"]
[Round "5.6"]
[White "Salil, Kumar D."]
[Black "Archisman Patra"]
[Result "0-1"]
[Annotator "NA RC"]
[ECO "C02"]
[WhiteElo "1777"]
[BlackElo "1791"]
[PlyCount "86"]
[EventDate "2025.03.25"]
[EventCountry "IND"]
[SourceTitle "playchess.com"]
[Source "ChessBase"]
[SourceQuality "1"]
[TimeControl "5400+30"]

1. e4 e6 2. d4 d5 3. e5 c5 4. c3 Nc6 5. Nf3 Qb6 6. Be2 cxd4 7. cxd4 Nh6 8. Qb3 Nf5 9. Qxb6 axb6 10. Bb5 Bd7 11. Bxc6 bxc6 12. g4 Ne7 13. Be3 h5 14. g5 g6 15. Na3 Nf5 16. Nc2 Be7 17. h4 O-O 18. O-O Rfc8 19. Rfc1 c5 20. a3 Kf8 21. Bd2 Ba4 22. dxc5 bxc5 23. b4 Ke8 24. bxc5 Bxc5 25. Nb4 Bb5 26. Re1 Kd7 27. Be3 Be7 28. Nd4 Nxd4 29. Bxd4 Rc4 30. Be3 Rc3 31. Reb1 Ba4 32. Rc1 Rac8 33. Rcb1 Ke8 34. Bd2 R3c4 35. f4 Rd4 36. Be3 Re4 37. Kf2 Rc3 38. Re1 Rexe3 39. Rxe3 Bc5 40. Rae1 Rxa3 41. Na6 Ra2+ 42. Kf3 Bxe3 43. Rxe3 Bd1+ 0-1

[Event "12th National Amateur Chess-ch 2025"]
[Site "Bihar"]
[Date "2025.03.27"]
[Round "5.7"]
[White "Pradeep Tiwari"]
[Black "Rahul, Kumar"]
[Result "1-0"]
[Annotator "TA"]
[ECO "E09"]
[WhiteElo "1979"]
[BlackElo "1825"]
[PlyCount "101"]
[EventDate "2025.03.25"]
[EventCountry "IND"]
[SourceTitle "playchess.com"]
[Source "ChessBase"]
[SourceQuality "1"]
[TimeControl "5400+30"]

1. d4 d5 2. Nf3 Nf6 3. c4 e6 4. g3 Be7 5. Bg2 O-O 6. Nbd2 c6 7. Qc2 Nbd7 8. O-O Re8 9. e4 dxe4 10. Nxe4 Nxe4 11. Qxe4 Nf6 12. Qc2 {[%emt 0:00:17] White is more active.} c5 {[%emt 0:03:54] E09: Closed Catalan: Main Line: 7 Qc2 c6 8 Nbd2.} 13. Rd1 Qb6 14. h3 ({White should try} 14. Bf4 $16) 14... h6 $146 (14... cxd4 $11 15. Nxd4 Bd7) ({Predecessor:} 14... cxd4 15. Nxd4 e5 16. Nb5 a6 17. Be3 Qa5 18. Nd6 Bxd6 19. Rxd6 Qc7 20. Rad1 Be6 {1-0 Zhao,S (2166)-Bai,X (2029) CHN-chB (Women) 2019 (11)}) 15. Be3 $16 Rd8 (15... Qc7 $16) 16. dxc5 $18 Qc7 17. b4 e5 {[%emt 0:02:37] Prevents Bf4.} 18. Rxd8+ Bxd8 19. Rd1 Nd7 (19... Be6 $16 20. Qc3 Nd7) 20. Nd2 Nf8 (20... Nf6 21. b5 (21. Ne4 Nxe4 22. Qxe4 a6 $18) 21... Be6) 21. Ne4 Bf5 {[%emt 0:00:57] [#]} 22. Nf6+ $1 Bxf6 23. Qxf5 Qe7 {[%emt 0:01:26] Black is weak on the light squares} 24. Bd5 Rd8 25. Qe4 Ne6 26. h4 Qc7 27. Rd2 Nd4 28. f4 (28. Bxb7 $142 {Hoping for Bd5.} Rb8 29. c6) 28... Nc6 29. a3 Rd7 (29... exf4 $16 {might work better.} 30. Bxf4 Qc8) 30. Kg2 Re7 {[%emt 0:02:16] [#]} 31. Bxc6 $1 bxc6 32. Qd3 Qb7 33. fxe5 Bxe5 34. Bf2 g6 (34... a6 $16 35. h5 Bf6) 35. h5 Kh7 (35... gxh5 $16 36. Qf5 Re6 37. Qxh5 Qe7 38. Qg4+ Bg7) 36. Re2 a6 37. Re4 Qc7 $2 (37... Bg7 38. Qf3 Rxe4 39. Qxe4 Bc3 40. hxg6+ fxg6) 38. hxg6+ fxg6 39. Qe2 Bf6 40. Rxe7+ Bxe7 {[%emt 0:00:50][%mdl 4096] Endgame KQB-KQB. White is a pawn up.} 41. Qe6 {[%emt 0:00:08] Qf7+ would kill now.} Bf8 42. Be3 Qg7 $2 (42... Qb7 43. Bd2 Qe7 44. Qxe7+ (44. Qxc6 Qe2+ 45. Kh3 Qxd2 $11) 44... Bxe7) 43. Qxc6 Qb2+ 44. Bf2 Qxa3 45. Qd7+ Kg8 46. Qe6+ Kh8 47. Bd4+ Bg7 48. Qe8+ Kh7 49. Qd7 {[%emt 0:00:30][%csl Gd4][%cal Rd7g7] White mates.} Qb2+ 50. Bxb2 h5 51. Qxg7# {[%emt 0:00:06] Weighted Error Value: White=0.20 (precise) /Black=0.56  Mistake:       	White=2     	Black=9      Inaccurate:     	White=3     	Black=3      OK:         	White=11    	Black=9      Best:        	White=3     	---        Strong:       	White=1     	---} 1-0

[Event "12th National Amateur Chess-ch 2025"]
[Site "Bihar"]
[Date "2025.03.27"]
[Round "5.8"]
[White "Ebenezer, Joseph"]
[Black "Shitiz Prasad"]
[Result "1-0"]
[Annotator "TA"]
[ECO "C54"]
[WhiteElo "1961"]
[BlackElo "1798"]
[PlyCount "79"]
[EventDate "2025.03.25"]
[EventCountry "IND"]
[SourceTitle "playchess.com"]
[Source "ChessBase"]
[SourceQuality "1"]
[TimeControl "5400+30"]

1. e4 e5 2. Nf3 Nc6 3. Bc4 Bc5 4. c3 Nf6 5. d4 exd4 6. b4 {[%emt 0:00:22] C54: Giuoco Piano: 4 c3 Nf6, main lines with 5 d4 and 5 d3.} (6. cxd4 $11 Bb4+ 7. Bd2) 6... Bb6 $1 $15 7. e5 d5 8. exf6 {[%emt 0:00:31] Black is slightly better.} dxc4 9. Qe2+ Be6 10. b5 $1 Na5 $1 11. fxg7 Rg8 12. cxd4 Bxd4 {[%emt 0:10:41] 12...Rxg7 might become the main line.} (12... Rxg7 13. Nc3 (13. O-O Qf6 $15) 13... Rxg2 14. Kf1 $16) (12... Qd7 $1 $15 13. O-O O-O-O) 13. Nxd4 $14 Qxd4 14. Bb2 Qd3 15. Nc3 (15. Bf6 $16) 15... O-O-O {[%emt 0:02:45] Strongly threatening ...Qg6.} 16. Rd1 $36 {[%emt 0:13:46][%mdl 2048] White fights for an advantage.} Qg6 {[%emt 0:01:40] A sharp opening} 17. Rxd8+ $1 Rxd8 18. Ne4 $146 (18. O-O Qxg7 19. Na4 Qg5 20. Be5 Qd2 21. Qe4 Qd5 22. Qe3 Qxb5 23. Nc3 Qb6 24. Qg3 {0-1 Nenova,A (1969)-Oflaz,F (1779) EU-ch U14 Girls 2024 (5)}) 18... Qxg2 (18... c3 $5 19. Bxc3 Bc4 $16 (19... Qxg2 20. Ng3 $14)) 19. Ng3 Qd5 20. Rg1 $2 (20. Bf6 $16 Rg8 21. Qe4) 20... f5 $2 (20... Qxb5 $17 21. Ne4 Qb4+ 22. Nc3 Rg8) 21. Nh5 $18 {[%emt 0:03:12] Black is weak on the dark squares} Bg8 (21... c3 $16 22. Bxc3 Qd6) 22. Nf6 $1 Qd6 {[%emt 0:01:37] [#]} (22... Qd3 $142 23. f3 (23. Qxd3 cxd3 24. Nxg8 Rxg8 $16) 23... b6 (23... c3 $2 24. Qxd3 Rxd3 25. Nxg8 $18) 24. Nxg8 Rxg8) 23. Nxg8 $1 Rxg8 24. Ba3 $2 Qf6 (24... Qd5 $1 $11) 25. Bf8 (25. Qe7 $16 Qxe7+ (25... Qa1+ $2 26. Ke2 $18) 26. Bxe7) 25... b6 {[%emt 0:11:10] [#]} (25... Qa1+ $11 26. Qd1 Qe5+ (26... Qxa2 27. Qd5 $18) 27. Kf1 Qxb5) 26. Rg3 {[%emt 0:03:18] Active counter play!} (26. Kf1 $1 $16) 26... Qa1+ $11 27. Qd1 {[%emt 0:01:54] Chess con chili.} Qxd1+ (27... Qxa2 28. Re3 c3 29. Re8+ (29. Rxc3 Nb7 $16) 29... Kb7 30. Qf3+ c6 31. bxc6+ (31. Qxc3 Qb1+ 32. Kd2 Qxb5 $11) (31. Qxf5 Qd2+ 32. Kf1 Qd1+ 33. Kg2 Qd5+ 34. Qxd5 cxd5 $11) 31... Nxc6 32. Re7+ (32. Qxf5 $2 Qa1+ 33. Ke2 Nd4+ 34. Kd3 Nxf5 $19) (32. Qxc3 Qb1+ 33. Ke2 Qb5+ 34. Ke1 Qb1+ 35. Ke2 Qb5+ 36. Kd2 a5 $11) 32... Ka6 33. Qxc6 Qd2+ 34. Kf1 Qd3+ 35. Kg2 $18) (27... Qe5+ $11 28. Re3 Qxb5 (28... Qxh2 29. Re8+ Kb7 30. Qd5+ c6 31. Qf7+ Qc7 32. Re7)) 28. Kxd1 {[%emt 0:00:01][%mdl 4096] Endgame KRB-KRN. Black is a pawn up.} Kd7 29. Re3 c3 $2 (29... Nb7 {was worth a try.} 30. Re7+ Kc8) 30. Re7+ $18 Kd8 (30... Kd6 $142 31. Kc2 Nc4 32. Kxc3 Na3 33. Re2+ Kd5 34. Bxa3 Rxg7) 31. Rf7 Nb7 32. Kc2 Kc8 33. Be7 {[%emt 0:04:14] Strongly threatening Rf8+.} Kd7 34. Bf6+ ({Weaker is} 34. Kxc3 Ke6 35. Rf8 Rxg7 $17) 34... Ke8 35. Rxc7 Nd6 36. Re7+ (36. Kxc3 $2 {is the wrong capture.} Nxb5+ 37. Kb4 Nxc7 $19) 36... Kd8 37. Rxa7+ Ke8 38. a4 Ne4 39. Re7+ Kd8 40. Rxe4+ {[%emt 0:00:04] Weighted Error Value: White=0.35/Black=1.02  Loses game:     	---       	Black=2      Missed win:     	White=1     	---        Mistake:       	White=4     	Black=7      Inaccurate:     	White=1     	Black=3      OK:         	White=7     	Black=3      Best:        	White=4     	Black=3      Strong:       	White=5     	Black=2} 1-0

[Event "12th National Amateur Chess-ch 2025"]
[Site "Bihar"]
[Date "2025.03.27"]
[Round "5.9"]
[White "Gadge Vedant"]
[Black "Muthu Kannan Sundaram M"]
[Result "1-0"]
[Annotator "NA RC"]
[ECO "C00"]
[WhiteElo "1667"]
[BlackElo "1556"]
[PlyCount "89"]
[EventDate "2025.03.25"]
[EventCountry "IND"]
[SourceTitle "playchess.com"]
[Source "ChessBase"]
[SourceQuality "1"]
[TimeControl "5400+30"]

1. Nf3 Nf6 2. d3 d5 3. Nbd2 e6 4. g3 c5 5. Bg2 Nc6 6. O-O Be7 7. Re1 O-O 8. e4 dxe4 9. dxe4 e5 10. c3 Qc7 11. Qe2 Be6 12. Nh4 Rfe8 13. Nf5 Bf8 14. Nf1 Ne7 15. g4 Nxf5 16. exf5 Bd5 17. c4 Bxg2 18. Kxg2 h6 19. h4 Rad8 20. g5 Nh7 21. Be3 Qc6+ 22. Kh3 Qc8 23. Ng3 hxg5 24. hxg5 Be7 25. Qg4 Rd4 26. Bxd4 Nxg5+ 27. Kg2 cxd4 28. Ne4 Nxe4 29. Qxe4 Bf6 30. b3 Kf8 31. Rad1 Qc6 32. Qxc6 bxc6 33. Kf3 a5 34. c5 Rd8 35. Ke4 Rd5 36. Rc1 d3 37. Rc4 d2 38. Rd1 Bg5 39. a3 Ke7 40. b4 axb4 41. axb4 Kd7 42. b5 Be7 43. Ra4 Bxc5 44. bxc6+ Kd6 45. c7 1-0

[Event "12th National Amateur Chess-ch 2025"]
[Site "Bihar"]
[Date "2025.03.27"]
[Round "5.10"]
[White "Bala Ganesan"]
[Black "Bibek Rai"]
[Result "1-0"]
[Annotator "NA RC"]
[ECO "B07"]
[WhiteElo "1656"]
[BlackElo "1482"]
[PlyCount "105"]
[EventDate "2025.03.25"]
[EventCountry "IND"]
[SourceTitle "playchess.com"]
[Source "ChessBase"]
[SourceQuality "1"]
[TimeControl "5400+30"]

1. e4 d6 2. d4 Nf6 3. Bd3 g6 4. Nf3 Bg4 5. Nbd2 Bg7 6. h3 Bxf3 7. Nxf3 O-O 8. Be3 Nfd7 9. Qd2 Nc6 10. c3 e5 11. g4 Qf6 12. Qe2 Qd8 13. O-O-O Ne7 14. h4 c5 15. d5 h6 16. Nh2 a6 17. Nf1 b5 18. Ng3 c4 19. Bc2 a5 20. Rdg1 b4 21. Qd2 bxc3 22. bxc3 Rb8 23. Bxh6 Qb6 24. Nh5 gxh5 25. gxh5 Ng6 26. hxg6 fxg6 27. Be3 Qb2+ 28. Kd1 Qxa2 29. Rxg6 Qa1+ 30. Qc1 Qxc3 31. Rhg1 Rf7 32. R1g3 Rb7 33. Bc5 Qxg3 34. Rxg3 Nxc5 35. Ke1 a4 36. h5 Kh7 37. Qg5 Rf6 38. f4 Rbf7 39. f5 Rf8 40. Qd2 Rb8 41. Qg2 Rb7 42. Rg6 Rxg6 43. Qxg6+ Kh8 44. f6 a3 45. fxg7+ Rxg7 46. Qxd6 a2 47. Qxe5 Kg8 48. Kf2 Nb3 49. Qb8+ Kh7 50. e5+ Kh6 51. Qh8+ Kg5 52. Qxg7+ Kh4 53. Bd1 1-0